[Event "Late-Titled-Tuesday-Blitz-February-27-2024"]
[Site "Chess.com"]
[Date "2024.02.27"]
[Round "5"]
[White "WilsonPalencia21"]
[Black "Piotrek1979"]
[Result "0-1"]
[WhiteElo "2572"]
[BlackElo "2463"]
[TimeControl "180+1"]
[EndTime "14:55:54 PST"]
[Termination "Piotrek1979 won on time"]

1. d4 Nf6 2. c4 e6 3. Nf3 d5 4. Nc3 dxc4 5. Bg5 Bb4 6. e4 b5 7.
e5 h6 8. Bh4 g5 9. Nxg5 hxg5 10. Bxg5 Nbd7 11. exf6 Bb7 12. Qd2 c5 13. O-O-O Qa5 14.
Kb1 cxd4 15. Qxd4 O-O-O 16. Be2 Bxg2 17. Rhg1 Bc6 18. Bf4 Bc5 19. Qd2 b4 20. Bxc4 bxc3 21. Qd3 c2+ 22. Qxc2 Nb6 23. Bb3 Kb7 24. Rc1 Rd4 25.
Qxc5 Qxc5 26. Rxc5 Rxf4 27. Rgc1 Rc8 0-1

[Event "Late-Titled-Tuesday-Blitz-February-27-2024"]
[Site "Chess.com"]
[Date "2024.02.27"]
[Round "5"]
[White "nindjaxx8"]
[Black "Zhigalko_Sergei"]
[Result "0-1"]
[WhiteElo "2672"]
[BlackElo "2897"]
[TimeControl "180+1"]
[EndTime "14:55:56 PST"]
[Termination "Zhigalko_Sergei won by checkmate"]

1. d4 Nf6 2. c4 e6 3. Nc3 Bb4 4. Qc2 O-O 5. a3 Bxc3+ 6. Qxc3 d6 7. Bg5 Nbd7 8. e3 b6 9. Ne2 Bb7 10. Qc2 c5 11. Rd1 Qc7 12. Nc3 a6 13. Bd3 h6 14. Bxf6 Nxf6 15. O-O Rac8 16. d5 exd5 17. cxd5 b5 18. Bf5 Rce8 19. Rd2 Re5 20. e4 g6 21. f4 Ree8 22. e5 dxe5 23. fxe5 Qxe5 24.
Bxg6 b4 25. axb4 cxb4 26. Nd1 fxg6 27. Qxg6+ Kh8 28. Rdf2 Nh7 29. Rf7 Rxf7 30. Rxf7 Qd4+ 31. Rf2 Re1# 0-1

[Event "Late-Titled-Tuesday-Blitz-February-27-2024"]
[Site "Chess.com"]
[Date "2024.02.27"]
[Round "5"]
[White "manitodeplomo"]
[Black "Vasily85"]
[Result "1-0"]
[WhiteElo "2662"]
[BlackElo "2489"]
[TimeControl "180+1"]
[EndTime "14:55:57 PST"]
[Termination "manitodeplomo won on time"]

1. d4 Nf6 2. c4 e6 3. Nf3 Bb4+ 4.
Bd2 a5 5. Bxb4 axb4 6. Qd3 d6 7. Nbd2 O-O 8. e4 Nbd7 9. Be2 e5 10. O-O exd4 11.
Nxd4 Nc5 12. Qc2 Re8 13. f3 c6 14. Rfd1 Qb6 15. Kh1 d5 16. exd5 cxd5 17. cxd5 Nxd5 18. Nc4 Qf6 19. Bf1 b6 20. Nb5 Bf5 21. Qf2 Nf4 22.
Rd6 Re6 23. Rxe6 Bxe6 24. Nxb6 Ncd3 25. Qe3 Rd8 26. g3 Nh3 27. Nc7 Nhf2+ 28. Kg1 Nh3+ 29. Bxh3 Bxh3 30. Rd1 h5 31. Ncd5 Qxb2 32. Qd2 Qxd2 33. Rxd2 Bf5 34. Ne7+ 1-0

[Event "Late-Titled-Tuesday-Blitz-February-27-2024"]
[Site "Chess.com"]
[Date "2024.02.27"]
[Round "5"]
[White "MyDream003"]
[Black "vugarrasulov"]
[Result "0-1"]
[WhiteElo "2719"]
[BlackElo "2992"]
[TimeControl "180+1"]
[EndTime "14:55:58 PST"]
[Termination "vugarrasulov won by resignation"]

1. e4 e5 2. Nf3 Nc6 3. Bc4 Nf6 4. d3 Bc5 5. c3 a6 6. a4 Ba7 7. h3 h6 8. Nbd2 d6 9. Nf1 Be6 10. Bxe6 fxe6 11. Be3 O-O 12. Bxa7 Rxa7 13. Ng3 Ne7 14. Nh4 c5 15. O-O Ra8 16. Qb3 Qd7 17. a5 Kh7 18. Nf3 Nc6 19. Rfe1 Ng8 20. Re3 Nge7 21. Qa4 Ng6 22. d4 cxd4 23. cxd4 Qf7 24. Rf1 Rac8 25. dxe5 dxe5 26. Rc3 Nf4 27. Kh1 Qf6 28. Ng1 Nd4 29.
Qb4 Nb5 30. Rf3 Qg6 31. N1e2 Rf7 32. Nxf4 exf4 33. Ne2 e5 34. Qb3 Rfc7 35. Rd3 Qxe4 36. Ng1 Nd4 37. Qd1 Rc2 38. Re1 Qf5 39. Nf3 Rc1 40.
Qd2 R8c2 41. Qxc1 Rxc1 42. Rxc1 Qxd3 43. Nxe5 Qd2 0-1

[Event "Late-Titled-Tuesday-Blitz-February-27-2024"]
[Site "Chess.com"]
[Date "2024.02.27"]
[Round "5"]
[White "ArtemDyachuk"]
[Black "Pingah9"]
[Result "1-0"]
[WhiteElo "2704"]
[BlackElo "2569"]
[TimeControl "180+1"]
[EndTime "14:55:59 PST"]
[Termination "ArtemDyachuk won by resignation"]

1. d4 g6 2. e4 Bg7 3. c3 d6 4. Bd3 Nd7 5. Nf3 e6 6. O-O a6 7.
a4 b6 8. Qe2 Ne7 9. Re1 O-O 10.
Nbd2 Bb7 11. Nf1 h6 12. Bf4 Qe8 13. Ng3 e5 14. Be3 c5 15. Rad1 Nc6 16. Bb1 Qe7 17. h4 cxd4 18. cxd4 exd4 19. Nxd4 Nxd4 20. Bxd4 Qxh4 21.
Bxg7 Kxg7 22. Rxd6 Rfd8 23. e5 Nc5 24. Rf6 Re8 25. Rxb6 Qxa4 26. b4 Nd7 27. Rxb7 Rxe5 28. Qd2 Rxe1+ 29. Qxe1 Nf6 30. Rb6 Qb3 31. Qe5 Qxb1+ 32.
Kh2 Kg8 33. Qxf6 Qd3 34. Rd6 Qc4 35. Rd8+ Rxd8 36. Qxd8+ Kh7 37. Qe7 Kg7 38. Ne4 Qd4 39. f4 Kg8 40. Qe8+ Kg7 41. Qe5+ 1-0

[Event "Late-Titled-Tuesday-Blitz-February-27-2024"]
[Site "Chess.com"]
[Date "2024.02.27"]
[Round "5"]
[White "morte-negra"]
[Black "Chessdude1987"]
[Result "1-0"]
[WhiteElo "2049"]
[BlackElo "2357"]
[TimeControl "180+1"]
[EndTime "14:56:00 PST"]
[Termination "morte-negra won by resignation"]

1. e4 e6 2. d4 d5 3. e5 c5 4. c3 Nc6 5. Nf3 Qb6 6. Bd3 Nh6 7.
O-O cxd4 8. Re1 Nf5 9. Bxf5 exf5 10. Nxd4 Be6 11. Qa4 Be7 12. Na3 O-O 13. Nab5 a6 14.
Nd6 Bxd6 15. exd6 Nxd4 16. cxd4 Qxd6 17. b3 f4 18. Ba3 Qd8 19. Bxf8 Qxf8 20. Qa5 f3 21. g3 Qe7 22. Qxd5 Qf6 23. Qxb7 Rf8 24. Re5 Qd8 25. d5 Bc8 26. Qe7 Qb6 27. Rae1 g6 28. d6 Be6 29. d7 Qd8 30. Rxe6 fxe6 31. Qxe6+ Kh8 32. Qe5+ Kg8 33. Qd5+ Kh8 34. Qd6 Kg8 35. Re7 Kh8 36. Qd4+ 1-0

[Event "Late-Titled-Tuesday-Blitz-February-27-2024"]
[Site "Chess.com"]
[Date "2024.02.27"]
[Round "5"]
[White "Yaacovn"]
[Black "FairChess_on_YouTube"]
[Result "1-0"]
[WhiteElo "2848"]
[BlackElo "3095"]
[TimeControl "180+1"]
[EndTime "14:56:02 PST"]
[Termination "Yaacovn won by resignation"]

1. d4 Nf6 2. e3 b6 3. Nf3 Bb7 4. Be2 g6 5. O-O Bg7 6. b3 O-O 7. Bb2 c5 8. c4 cxd4 9. Nxd4 Nc6 10. Bf3 Qc8 11. Ne2 Rd8 12. Nbc3 d6 13. Nf4 Ne5 14.
Bxb7 Qxb7 15. Qd2 Rd7 16. Rfd1 Rad8 17. Qe2 a6 18. h3 e6 19. Rac1 Ne4 20. Nxe4 Qxe4 21.
Rd2 h5 22. Rcd1 h4 23. Nd3 Nxd3 24. Rxd3 Bxb2 25. Qxb2 d5 26. Qf6 e5 27. f3 Qf5 28.
Qxf5 gxf5 29. Rxd5 Rxd5 30. Rxd5 Rxd5 31. cxd5 f4 32.
e4 Kf8 33. Kf2 Ke7 34. Ke2 Kd6 35. Kd3 Kc5 36. Kc3 Kd6 37. Kb4 Kc7 38. Kc4 Kd6 39. a4 f6 40. b4 Kc7 41. a5 bxa5 42. bxa5 Kd6 43. Kb4 f5 44. Kc4 fxe4 45. fxe4 1-0

[Event "Late-Titled-Tuesday-Blitz-February-27-2024"]
[Site "Chess.com"]
[Date "2024.02.27"]
[Round "5"]
[White "rdarruda"]
[Black "kai_nov"]
[Result "1-0"]
[WhiteElo "2510"]
[BlackElo "2322"]
[TimeControl "180+1"]
[EndTime "14:56:04 PST"]
[Termination "rdarruda won on time"]

1. Nf3 d5 2. d4 Nf6 3. c4 e6 4. e3 Be7 5. Nc3 O-O 6. Bd3 a6 7. e4 dxc4 8. Bxc4 c5 9. O-O b5 10. Bb3 cxd4 11. Nxd4 b4 12. Na4 Nxe4 13. Be3 Bb7 14.
Qc2 Qa5 15. Rac1 Bf6 16. Rfd1 h6 17. f3 Ng5 18. Nc5 Bd5 19. h4 Nh7 20. Bxd5 exd5 21.
Qb3 Rd8 22. Nb7 Qb6 23. Nxd8 Qxd8 24. Qxb4 Bxh4 25. Qb7 Nd7 26. Qxd5 Nhf6 27. Qd6 Bg5 28. Bxg5 hxg5 29. Nc6 Qe8 30. Ne7+ Kh8 31. Kf2 Nh7 32.
Rh1 1-0

[Event "Late-Titled-Tuesday-Blitz-February-27-2024"]
[Site "Chess.com"]
[Date "2024.02.27"]
[Round "5"]
[White "emeli_chess"]
[Black "ACollins05"]
[Result "0-1"]
[WhiteElo "2434"]
[BlackElo "2582"]
[TimeControl "180+1"]
[EndTime "14:56:06 PST"]
[Termination "ACollins05 won on time"]

1. d4 d5 2. c4 e6 3. Nc3 Be7 4. cxd5 exd5 5. Nf3 Nf6 6. Bg5 c6 7. Qc2 g6 8. e3 Bf5 9. Bd3 Bxd3 10. Qxd3 Nbd7 11. O-O O-O 12. Rab1 a5 13. Qc2 Re8 14. a3 Rc8 15. b4 axb4 16. axb4 b5 17. Rfc1 Nb6 18.
Ne5 Nfd7 19. Bxe7 Qxe7 20. Nxd7 Qxd7 21. Nd1 Nc4 22. Ra1 Ra8 23. Nb2 Qe7 24. Nd3 Ra7 25. h3 Rea8 26. Rxa7 Qxa7 27. Nc5 Qa3 28. Rb1 Qa2 29.
Qxa2 Rxa2 30. g4 g5 31. Nd3 f6 32. Re1 Kf7 33. Kg2 Rd2 34. Nc5 Rb2 35. Nd3 Rb3 36.
Rd1 Kg6 37. Kg3 h5 38. gxh5+ Kxh5 39. Kf3 Kh4 40. Kg2 Kh5 41. Kg3 Kg6 42. h4 gxh4+ 43. Kxh4 Kf5 44. Kg3 Kg6 45. Kf4 Kf7 46. f3 Ke7 47. e4 dxe4 48. fxe4 Nb2 49. Nc5 Rxb4 50. d5 Nxd1 0-1

[Event "Late-Titled-Tuesday-Blitz-February-27-2024"]
[Site "Chess.com"]
[Date "2024.02.27"]
[Round "5"]
[White "OneTrickPony_82"]
[Black "EDaMatta"]
[Result "1-0"]
[WhiteElo "2533"]
[BlackElo "2247"]
[TimeControl "180+1"]
[EndTime "14:56:06 PST"]
[Termination "OneTrickPony_82 won by checkmate"]

1. d4 d5 2. c4 c6 3. Nf3 Nf6 4. cxd5 cxd5 5. Nc3 Nc6 6. Bf4 Bf5 7. Qb3 Na5 8. Qa4+ Bd7 9. Qc2 Rc8 10. e3 e6 11. Bd3 Be7 12. O-O O-O 13. Rfc1 b5 14. Qd1 Nc4 15. Qe2 b4 16. Nd1 Nd6 17. Ne5 Be8 18.
b3 Nde4 19. f3 Nc3 20. Nxc3 bxc3 21. h3 Qb6 22. Bc2 Ba3 23. Rd1 Bb2 24. Rab1 h6 25. Nd3 Ba3 26. b4 Bb5 27. Qe1 Bxd3 28. Rxd3 Bb2 29.
b5 Qxb5 30. g4 Nd7 31. h4 Qa6 32. a4 Rfe8 33. g5 h5 34. g6 fxg6 35. Qg3 e5 36.
dxe5 Qe6 37. Rbd1 Nxe5 38. Bxe5 Qxe5 39. Qxg6 Re6 40. Qg2 Rcc6 41. f4 Qc7 42. Rxd5 Rg6 43. Bxg6 c2 44. Rd8+ Qxd8 45. Rxd8# 1-0

[Event "Late-Titled-Tuesday-Blitz-February-27-2024"]
[Site "Chess.com"]
[Date "2024.02.27"]
[Round "5"]
[White "el008"]
[Black "Charodej1"]
[Result "1-0"]
[WhiteElo "2495"]
[BlackElo "2307"]
[TimeControl "180+1"]
[EndTime "14:56:06 PST"]
[Termination "el008 won by resignation"]

1. Nf3 d5 2. c4 c6 3. e3 Nf6 4. b3 Nbd7 5. Bb2 e6 6. g3 b6 7. Bg2 Bb7 8. O-O Be7 9. d3 O-O 10. Nbd2 c5 11. Qe2 Qc7 12. e4 a6 13. cxd5 exd5 14.
e5 Ne8 15. d4 Qd8 16. h4 Nc7 17. h5 h6 18. dxc5 bxc5 19. Nh2 Re8 20. f4 a5 21.
Rfe1 a4 22. Rac1 axb3 23. axb3 Ra2 24. Ndf3 Ba6 25. Qc2 Qb8 26. Ra1 Rxa1 27. Rxa1 Qb6 28. Kh1 Rb8 29. Nd2 c4 30. f5 cxb3 31. Qd1 Bg5 32.
Nhf3 Nc5 33. Nxg5 hxg5 34. Bd4 Qb4 35. Qg1 b2 36. Rd1 Nd3 37. h6 gxh6 38. f6 Ne6 39. Ba7 Rb7 40. Be3 Qg4 41. Nf3 Qh5+ 42. Nh2 Qxd1 43.
Qxd1 b1=Q 44. Qg1 Qxg1+ 45. Kxg1 Rd7 46. Bf1 d4 47. Bd2 Bc4 48. Nf3 Nec5 49. Ne1 Ba6 50. Nc2 Nxe5 51. Bg2 d3 52. Nb4 Bc4 53. Bc3 Ng4 54.
Bd2 Nxf6 55. Nc6 Nd5 56. Ne5 Nb4 57. Nxc4 Nc2 58. Ne5 Rb7 59. Bxb7 Nxb7 60. Nxd3 1-0

[Event "Late-Titled-Tuesday-Blitz-February-27-2024"]
[Site "Chess.com"]
[Date "2024.02.27"]
[Round "5"]
[White "WindWhistler11"]
[Black "farzadbfd"]
[Result "1-0"]
[WhiteElo "2508"]
[BlackElo "2674"]
[TimeControl "180+1"]
[EndTime "14:56:08 PST"]
[Termination "WindWhistler11 won by checkmate"]

1. Nf3 d5 2. c4 e6 3. g3 Nf6 4. Bg2 Be7 5. O-O O-O 6. b3 c5 7. e3 Nc6 8. Bb2 dxc4 9. bxc4 Qc7 10. Qe2 b6 11. Nc3 Bb7 12. d3 Rac8 13. Rfd1 Rfd8 14.
a3 Qb8 15. Rd2 Qa8 16. Ne1 Na5 17. Rad1 Rd7 18. f3 Rcd8 19. Ne4 Ne8 20. Bc3 Nc6 21. g4 Nd6 22. Ng3 Bh4 23. Nh5 Ne8 24. Bh1 g6 25. Ng2 Be7 26. Ng3 Bf6 27. Bxf6 Nxf6 28. g5 Ne8 29. Ne4 Ne5 30. Nf4 Qb8 31. h4 Kg7 32. h5 Nd6 33. h6+ Kh8 34. Nf6 Re7 35. Nh3 Qa8 36.
e4 Nd7 37. f4 Nxf6 38. gxf6 Red7 39. Ng5 Ne8 40. f5 exf5 41. e5 Bxh1 42. e6 fxe6 43.
f7 Nc7 44. Qe5# 1-0

[Event "Late-Titled-Tuesday-Blitz-February-27-2024"]
[Site "Chess.com"]
[Date "2024.02.27"]
[Round "5"]
[White "Kiborg95"]
[Black "Djager97"]
[Result "0-1"]
[WhiteElo "2809"]
[BlackElo "2641"]
[TimeControl "180+1"]
[EndTime "14:56:09 PST"]
[Termination "Djager97 won by resignation"]

1. e4 e6 2. d3 d5 3. Nd2 c5 4. g3 Nf6 5. f4 Nc6 6. e5 Nd7 7. Ndf3 Be7 8. Bg2 f6 9. exf6 gxf6 10. f5 Nde5 11. Nh4 h5 12. Ne2 Qa5+ 13. c3 Bd7 14. fxe6 Bxe6 15. Nf4 Bg4 16. Qc2 d4 17. O-O O-O-O 18. Bd2 Qc7 19. Nd5 Qd7 20.
Nxf6 Bxf6 21. Rxf6 dxc3 22. Bxc3 Nd4 23. Qf2 Nxd3 24. Qf1 Ne2+ 25. Kh1 Rhe8 26. Ba5 b6 27. Rc6+ Kb8 28. Bxb6 Rf8 29. Rf6 Qe7 30. Bxd8 Rxd8 31. Ng6 Qe3 32. Rf8 Kc7 33. b4 Rxf8 34. Nxf8 Nf2+ 0-1

[Event "Late-Titled-Tuesday-Blitz-February-27-2024"]
[Site "Chess.com"]
[Date "2024.02.27"]
[Round "5"]
[White "Bryanl106"]
[Black "Hamisandwich"]
[Result "1-0"]
[WhiteElo "2580"]
[BlackElo "2748"]
[TimeControl "180+1"]
[EndTime "14:56:09 PST"]
[Termination "Bryanl106 won by checkmate"]

1. e4 c6 2. Nf3 d5 3. exd5 cxd5 4. Ne5 Nd7 5. d4 Ngf6 6. Bb5 a6 7. Bd3 Nxe5 8.
dxe5 Ng4 9. Qe2 Qc7 10. Bf4 f6 11. Nc3 d4 12. Ne4 Nxe5 13. O-O Qa5 14. b4 Qd5 15. Bxe5 Qxe5 16. f4 Qc7 17. Qf2 Qb6 18. c3 Bf5 19. Nd6+ Qxd6 20. Bxf5 dxc3 21. Rad1 Qxb4 22. Bd7+ Kf7 23. f5 g6 24. Be6+ Kg7 25. Kh1 Qa5 26. Rd7 Rd8 27. Rdd1 Rd6 28. h3 Rc6 29. Rd3 Qc5 30. Qc2 b5 31. Rg3 g5 32. h4 h6 33.
Qe2 Rh7 34. Qh5 Rc8 35. Qf7+ Kh8 36. Qg8# 1-0

[Event "Late-Titled-Tuesday-Blitz-February-27-2024"]
[Site "Chess.com"]
[Date "2024.02.27"]
[Round "5"]
[White "lagedema"]
[Black "FernandoArauzAlonso"]
[Result "1-0"]
[WhiteElo "2431"]
[BlackElo "2572"]
[TimeControl "180+1"]
[EndTime "14:56:09 PST"]
[Termination "lagedema won on time"]

1. d4 Nf6 2. Bg5 Ne4 3. Bf4 g6 4. e3 Bg7 5. Nd2 Nxd2 6. Qxd2 d6 7. h4 e5 8. Bg3 exd4 9. exd4 Qe7+ 10. Ne2 Nc6 11.
O-O-O Bf5 12. d5 Ne5 13. Nd4 Bd7 14. h5 O-O-O 15. Kb1 Kb8 16. Be2 f5 17. Qa5 Bc8 18. Rhe1 Qf7 19. Bb5 f4 20. Bh4 Bf6 21. Bxf6 Qxf6 22.
Bc6 Nxc6 23. dxc6 b6 24. Qa4 Rhe8 25. Nb5 a5 26. b4 Rxe1 27. Rxe1 d5 28. bxa5 Qxc6 29.
axb6 Qxb6 30. Ka1 Bb7 31. Rb1 Qc5 32. c3 f3 33. gxf3 Rf8 34. Qb3 Qb6 35. c4 dxc4 36. Qxc4 Kc8 37. hxg6 hxg6 38. Qd3 1-0

[Event "Late-Titled-Tuesday-Blitz-February-27-2024"]
[Site "Chess.com"]
[Date "2024.02.27"]
[Round "5"]
[White "zajka-molotok"]
[Black "Abund"]
[Result "0-1"]
[WhiteElo "2509"]
[BlackElo "2751"]
[TimeControl "180+1"]
[EndTime "14:56:10 PST"]
[Termination "Abund won by checkmate"]

1. e4 c6 2. d4 d5 3. exd5 cxd5 4.
Bd3 Nc6 5. c3 Nf6 6. h3 e5 7.
dxe5 Nxe5 8. Nf3 Nxd3+ 9. Qxd3 Bd6 10. O-O O-O 11. Bg5 h6 12. Bh4 g5 13. Bg3 Bxg3 14. fxg3 Qb6+ 15. Qd4 Ne4 16. Qxb6 axb6 17. g4 Re8 18.
Nbd2 Nc5 19. Rfe1 Rxe1+ 20. Rxe1 Be6 21. a3 Nd3 22. Rb1 Kg7 23. Ne1 Nc5 24. Ndf3 Na4 25. Nd4 Re8 26. Nd3 Bd7 27. Kf2 Nc5 28. Rd1 Ba4 29. Nf5+ Kg6 30. Nxc5 Bxd1 31. Nxb7 Re2+ 32. Kg3 Bb3 33. Nd8 Rxb2 34. Nc6 f6 35. Nce7+ Kf7 36. Nc8 Bc2 37. Nxh6+ Ke6 38. Ng8 Be4 39. Nce7 Rxg2# 0-1

[Event "Late-Titled-Tuesday-Blitz-February-27-2024"]
[Site "Chess.com"]
[Date "2024.02.27"]
[Round "5"]
[White "Sokoloco"]
[Black "laziestwin"]
[Result "1-0"]
[WhiteElo "2795"]
[BlackElo "2602"]
[TimeControl "180+1"]
[EndTime "14:56:12 PST"]
[Termination "Sokoloco won by resignation"]

1. b3 e5 2. Bb2 Nc6 3. e3 Nf6 4. Nf3 Bd6 5. d4 exd4 6. exd4 O-O 7. Be2 Bb4+ 8. c3 Be7 9. d5 Nb8 10. O-O d6 11. c4 Bf5 12. Nbd2 Nbd7 13. Nh4 Bg6 14.
f4 Be4 15. Qe1 Re8 16. Qg3 Bf8 17. Rae1 a5 18. Bd1 Nc5 19. Re3 Bg6 20. Rxe8 Nxe8 21. f5 Nd3 22. fxg6 hxg6 23. Qxd3 Qxh4 24. Nf3 Qe7 25.
Bc2 Nf6 26. Ng5 Re8 27. Bd4 Ng4 28. Nxf7 Qh4 29. h3 Ne5 30. Bxe5 dxe5 31. Qxg6 e4 32. Nh6+ Qxh6 33. Qxe8 g5 34. Bxe4 g4 35. Qg6+ Qxg6 36.
Bxg6 g3 37. Rf3 Bc5+ 38. Kf1 1-0

[Event "Late-Titled-Tuesday-Blitz-February-27-2024"]
[Site "Chess.com"]
[Date "2024.02.27"]
[Round "5"]
[White "chessydotcom"]
[Black "becemix"]
[Result "0-1"]
[WhiteElo "2237"]
[BlackElo "2415"]
[TimeControl "180+1"]
[EndTime "14:56:12 PST"]
[Termination "becemix won by resignation"]

1. e4 e5 2. Nf3 Nc6 3. Bc4 Bc5 4. c3 Nf6 5. d3 O-O 6. O-O a6 7. b4 Ba7 8. Re1 d6 9. Nbd2 Ne7 10. Nf1 Ng6 11. Ng3 c6 12. d4 Bg4 13. Be3 d5 14.
exd5 cxd5 15. Be2 e4 16. Ne5 Bxe2 17. Qxe2 Bb8 18. Nxg6 hxg6 19. c4 Bxg3 20. hxg3 dxc4 21. Qxc4 Nd5 22. Rad1 Rc8 23. Qb3 Rc3 24. Qb1 Rc4 25.
Qxe4 b5 26. Bd2 Qd7 27. Qe5 Rd8 28. a3 Rc6 29. Rc1 Re6 30. Qg5 Rd6 31. Bf4 Rb6 32.
Be3 Rf6 33. Qe5 Re8 34. Qg5 Rfe6 35. Kf1 Nb6 36. Qc5 Nc4 37. d5 Re5 38. Bd4 Nd2+ 39. Kg1 Rxe1+ 40. Rxe1 Rxe1+ 41. Kh2 Nf1+ 42. Kg1 Ne3+ 43.
Kh2 Ng4+ 0-1

[Event "Late-Titled-Tuesday-Blitz-February-27-2024"]
[Site "Chess.com"]
[Date "2024.02.27"]
[Round "5"]
[White "Caracal3000"]
[Black "Sajkochess"]
[Result "1-0"]
[WhiteElo "2534"]
[BlackElo "2341"]
[TimeControl "180+1"]
[EndTime "14:56:13 PST"]
[Termination "Caracal3000 won on time"]

1. e4 c6 2. d4 d5 3. Nc3 dxe4 4. Nxe4 Bf5 5. Ng3 Bg6 6. h4 h6 7. f4 e6 8. Nf3 Nf6 9. h5 Bh7 10. Bd3 Bxd3 11. Qxd3 c5 12. Be3 cxd4 13. O-O-O Nc6 14. Nxd4 Nxd4 15. Bxd4 Be7 16. Qb5+ Qd7 17. Qxd7+ Nxd7 18.
Ne4 Nf6 19. Bxf6 Bxf6 20. Nd6+ Ke7 21. Ne4 Rhd8 22. g4 Bd4 23. Rhe1 Bb6 24. c3 Rxd1+ 25. Kxd1 Rd8+ 26. Kc2 g6 27. hxg6 fxg6 28. Rh1 Rh8 29. g5 h5 30. Nf6 Kf7 31. Rd1 Rd8 32. Nd7 Ke7 33. Ne5 Rxd1 34. Nxg6+ Kf7 35. Ne5+ Kg7 36.
Kxd1 Be3 37. Nd3 h4 38. Ke2 Bb6 39. Kf3 Kg6 40. Kg4 1-0

[Event "Late-Titled-Tuesday-Blitz-February-27-2024"]
[Site "Chess.com"]
[Date "2024.02.27"]
[Round "5"]
[White "GianmarcoVaR"]
[Black "BogdanDeac"]
[Result "0-1"]
[WhiteElo "2709"]
[BlackElo "2954"]
[TimeControl "180+1"]
[EndTime "14:56:15 PST"]
[Termination "BogdanDeac won on time"]

1. e4 c5 2. Nf3 d6 3. Bb5+ Nd7 4. a4 Nf6 5. Nc3 g6 6. O-O Bg7 7. Re1 O-O 8. a5 a6 9. Bf1 Nb8 10. e5 Ne8 11. Nd5 Nc6 12. Nb6 Rb8 13. Nxc8 Rxc8 14. e6 fxe6 15. Ng5 Nc7 16. Qg4 Bd4 17. Qh3 Bxf2+ 18. Kh1 h5 19. Rxe6 Nxe6 20. Qxe6+ Kg7 21. Bd3 Rf6 22. b3 Bh4 23. Bb2 Bxg5 24. Qe4 e5 25. Bc4 Qd7 26. Re1 Rcf8 27. Bc3 Rf4 28. Qe2 d5 29.
Bxe5+ Nxe5 30. Qxe5+ Kh6 31. Bd3 c4 32. bxc4 dxc4 33.
Be4 Re8 0-1

[Event "Late-Titled-Tuesday-Blitz-February-27-2024"]
[Site "Chess.com"]
[Date "2024.02.27"]
[Round "5"]
[White "Malev212"]
[Black "stollenmonster"]
[Result "0-1"]
[WhiteElo "2655"]
[BlackElo "2870"]
[TimeControl "180+1"]
[EndTime "14:56:15 PST"]
[Termination "stollenmonster won on time"]

1. e4 c5 2. Nf3 Nf6 3. Nc3 d5 4.
exd5 Nxd5 5. Bb5+ Bd7 6. Ne5 e6 7. a4 Bxb5 8. axb5 Bd6 9. Nc4 Bc7 10. Qg4 O-O 11. d3 Nd7 12. Bg5 N7f6 13. Qf3 h6 14. Nxd5 Qxd5 15. Bxf6 Qxf3 16. gxf3 gxf6 17. Rg1+ Kh7 18.
h3 a6 19. bxa6 b5 20. Nd2 Rfb8 21. Ne4 Be5 22. Nxc5 Rc8 23. Ne4 Rxc2 24. f4 Bxb2 25. Rb1 Bd4 26. Kd1 Ra2 27. f5 exf5 28. Nd6 Bxf2 29.
Rg2 f4 30. Nxb5 f3 31. Rh2 Re8 32. Rxf2 Rxf2 33. a7 Rf1+ 0-1

[Event "Late-Titled-Tuesday-Blitz-February-27-2024"]
[Site "Chess.com"]
[Date "2024.02.27"]
[Round "5"]
[White "NoHeThTo"]
[Black "GMKrikor"]
[Result "1/2-1/2"]
[WhiteElo "2644"]
[BlackElo "2856"]
[TimeControl "180+1"]
[EndTime "14:56:16 PST"]
[Termination "Game drawn by repetition"]

1. c4 b6 2. Nf3 Bb7 3. g3 g6 4. Bg2 Bg7 5. O-O c5 6. Nc3 Nf6 7. d4 cxd4 8. Nxd4 Bxg2 9. Kxg2 Qc8 10. Qd3 Na6 11. b3 Nc5 12. Qd2 Qb7+ 13. f3 d5 14. b4 Ncd7 15. cxd5 Nxd5 16. Nxd5 Qxd5 17. Rd1 O-O 18.
Bb2 Rac8 19. e4 Qb7 20. b5 Ne5 21. Rac1 Nc4 22. Qe2 Nxb2 23. Qxb2 Qd7 24. Rxc8 Rxc8 25. Qd2 Bxd4 26. Qxd4 Rc2+ 27. Kg1 Qxb5 28. Qd8+ Kg7 29.
Qxe7 Rxa2 30. e5 Qe2 31. Qf6+ Kh6 32. Qh4+ Kg7 33. Qf6+ Kh6 34. Qh4+ Kg7 35. Qf6+ 1/2-1/2

[Event "Late-Titled-Tuesday-Blitz-February-27-2024"]
[Site "Chess.com"]
[Date "2024.02.27"]
[Round "5"]
[White "pooh2012"]
[Black "Fjal"]
[Result "1-0"]
[WhiteElo "2469"]
[BlackElo "2276"]
[TimeControl "180+1"]
[EndTime "14:56:16 PST"]
[Termination "pooh2012 won on time"]

1. d4 d6 2. Nf3 Bg4 3. Nbd2 Nd7 4. c3 e5 5. h3 Bxf3 6. Nxf3 Ngf6 7. Qc2 e4 8. Nd2 Qe7 9. e3 g6 10. Be2 Bg7 11.
c4 O-O 12. Rb1 a5 13. b3 h5 14.
Ba3 Rfe8 15. O-O g5 16. Rfc1 g4 17. hxg4 Nxg4 18. Bxg4 hxg4 19. Nf1 f5 20. c5 dxc5 21. Bxc5 Nxc5 22. Qxc5 Qg5 23. Qd5+ Kh8 24. Rxc7 Ra6 25. Ng3 Rf8 26. Qxb7 Rh6 27. Rf7 Rg8 28. Nxf5 Rh7 29. Rxg7 Rhxg7 30. Nxg7 Rxg7 31. Qxe4 Qh4 32. Qe5 Kh7 33. Rc1 Rf7 34. Qg3 Qg5 35. Rc5 Qg6 36. Qh4+ Kg8 37. Rg5 1-0

[Event "Late-Titled-Tuesday-Blitz-February-27-2024"]
[Site "Chess.com"]
[Date "2024.02.27"]
[Round "5"]
[White "Bala-Afiada"]
[Black "campochess"]
[Result "0-1"]
[WhiteElo "1905"]
[BlackElo "2190"]
[TimeControl "180+1"]
[EndTime "14:56:16 PST"]
[Termination "campochess won by resignation"]

1. d4 Nf6 2. c4 e6 3. g3 d5 4. Nf3 c6 5. Qc2 Nbd7 6. Bg2 Be7 7. O-O O-O 8. Nbd2 a5 9. e4 dxe4 10. Nxe4 Nxe4 11. Qxe4 Nf6 12. Qc2 Bd7 13. c5 b5 14.
Ne5 Rc8 15. Bg5 Nd5 16. Bxe7 Qxe7 17. h4 Be8 18. Rfe1 f6 19. Nf3 Bg6 20. Qe2 Rfe8 21. g4 Qd7 22. h5 Nf4 23. Qe3 Nxg2 24. Kxg2 Bf7 25. h6 Qd5 26. hxg7 Kxg7 27. Rh1 h5 28. gxh5 Bxh5 29. Rag1 Kf7 30. Rh3 Rg8+ 31. Kf1 Qc4+ 32. Ke1 Rxg1+ 33. Nxg1 Bg6 34. Ne2 Qxa2 35. Rf3 Qxb2 36.
Nf4 Qb1+ 37. Ke2 Qc2+ 38. Kf1 Bf5 39. Ne2 Qd1+ 40. Kg2 Rg8+ 41. Rg3 Rxg3+ 42. Nxg3 Qd3 43. Nxf5 Qxf5 44. Qh3 Qxh3+ 45. Kxh3 a4 0-1

[Event "Late-Titled-Tuesday-Blitz-February-27-2024"]
[Site "Chess.com"]
[Date "2024.02.27"]
[Round "5"]
[White "NCchamp"]
[Black "ErikRonka"]
[Result "1-0"]
[WhiteElo "2351"]
[BlackElo "2520"]
[TimeControl "180+1"]
[EndTime "14:56:17 PST"]
[Termination "NCchamp won by checkmate"]

1. d4 e6 2. e4 d5 3. exd5 exd5 4. Nf3 Nc6 5. Bb5 Ne7 6. Bf4 Bg4 7. Nbd2 Qd7 8. c3 f6 9. h3 Bh5 10. Qa4 Nc8 11.
O-O Bd6 12. Rfe1+ N8e7 13. Bxd6 Qxd6 14. Be2 Bf7 15. Bd3 g5 16. Bf5 h5 17. b4 Kf8 18.
Qc2 Rg8 19. b5 Nd8 20. c4 g4 21. Nh4 Qf4 22. g3 Qxd4 23. hxg4 hxg4 24. cxd5 Bxd5 25.
Ne4 Rh8 26. Bxg4 Nf7 27. Rad1 Qe5 28. Nc3 Qg5 29. Nxd5 Nxd5 30. Ng6+ Kg7 31. Nxh8 Rxh8 32. Qf5 Qh6 33. Bf3 Nc3 34. Rd3 Qh2+ 35. Kf1 Na4 36. Qg4+ Kf8 37. Qxa4 Ne5 38. Qb4+ Kg7 39. Rxe5 fxe5 40.
Qe7+ Kg6 41. Qe6+ Kg7 42. Qxe5+ Kf7 43. Qf5+ Ke8 44. Qe6+ Kf8 45. Rd8+ Kg7 46. Rd7+ Kf8 47. Qe7+ Kg8 48. Qd8# 1-0

[Event "Late-Titled-Tuesday-Blitz-February-27-2024"]
[Site "Chess.com"]
[Date "2024.02.27"]
[Round "5"]
[White "PattyCastillo"]
[Black "janhelmer03"]
[Result "1/2-1/2"]
[WhiteElo "1988"]
[BlackElo "2362"]
[TimeControl "180+1"]
[EndTime "14:56:17 PST"]
[Termination "Game drawn by repetition"]

1. d4 d5 2. Nf3 Nf6 3. e3 c6 4.
Bd3 Bg4 5. c4 e6 6. Nbd2 Nbd7 7.
O-O Be7 8. Qc2 O-O 9. b3 Bh5 10. Bb2 Bg6 11. Bxg6 hxg6 12. Ne5 Nxe5 13. dxe5 Nd7 14. f4 Bc5 15. Rfe1 Bb4 16. Bc3 Bxc3 17. Qxc3 g5 18. Rad1 gxf4 19. exf4 Qb6+ 20. Kh1 a5 21. Ne4 a4 22. Nd6 axb3 23. axb3 Nc5 24. b4 Na4 25. Qd2 dxc4 26. Nxc4 Qa6 27. Nd6 b6 28. Qf2 c5 29.
bxc5 bxc5 30. Ra1 Qc6 31. Rec1 Nb6 32. Rxa8 Rxa8 33. h3 c4 34. f5 exf5 35. Qxf5 Qd5 36. Rf1 c3 37. Nxf7 c2 38. Nh6+ Kh8 39. Nf7+ Kg8 40.
Nh6+ Kh8 41. Nf7+ Kg8 1/2-1/2